 Dungeon Crawl Stone Soup version 0.29-a0-40-g8eb35efe60 (webtiles) character file.

Game seed: 3611321326422343500

537 Armakuni the Slasher (level 7, -16/44 HPs)
             Began as a Deep Elf Berserker on Feb 1, 2022.
             Was a Believer of Trog.
             Demolished by an ogre (20 damage)
             ... on level 3 of the Dungeon.
             The game lasted 00:10:18 (4474 turns).

Armakuni the Slasher (Deep Elf Berserker)           Turns: 4474, Time: 00:10:18

Health: -16/44     AC:  7    Str: 16    XL:     7   Next: 5%
Magic:  9/9        EV: 11    Int: 12    God:    Trog [**....]
Gold:   179        SH:  0    Dex: 14    Spells: 6/6 levels left

rFire   + . .      SeeInvis .   a - +0 falchion
rCold   + . .      Faith    .   (no shield)
rNeg    . . .      Spirit   .   j - +0 ring mail
rPois   .          Reflect  .   i - +0 helmet of Dyspraxia {rF+ rCorr}
rElec   .          Harm     .   f - +0 cloak
rCorr   +          Rampage  .   (no gloves)
Will    ++...                   (no boots)
Stlth   +.........              (no amulet)
HPRegen 1.14/turn               J - ring of protection from cold
MPRegen 0.11/turn               (no ring)

@: strong-willed, on berserk cooldown, regenerating
A: no striking features
a: Renounce Religion, Berserk, Trog's Hand


You were on level 3 of the Dungeon.
You worshipped Trog.
Trog was pleased with you.
You visited 1 branch of the dungeon, and saw 3 of its levels.

You collected 179 gold pieces.

Inventory:

Hand Weapons
 a - a +0 falchion (weapon)
Armour
 f - a +0 cloak (worn)
 i - the +0 helmet of Dyspraxia (worn) {rF+ rCorr}
   (You acquired it on level 3 of the Dungeon)

   rF:        It protects you from fire.
   rCorr:     It protects you from acid and corrosion.
 j - a +0 ring mail (worn)
Jewellery
 J - a ring of protection from cold (left hand)
Wands
 p - a wand of polymorph (3)
 v - a wand of flame (15)


   Skills:
 + Level 5.0 Fighting
 + Level 5.5 Long Blades
 - Level 1.5 Armour
 - Level 2.4 Dodging


You had 6 spell levels left.
You didn't know any spells.
Your spell library contained the following spells:

 Spells                   Type           Power      Damage    Failure   Level
 Sting                    Tmut/Pois      0%         1d3       52%         1
 Poisonous Vapours        Pois/Air       0%         N/A       67%         2
 Olgreb's Toxic Radiance  Pois           0%         N/A       99%         4


Dungeon Overview and Level Annotations

Branches:
Dungeon (3/15)

Altars:
Beogh


Message History

Press: ? - help, Q - select action, (/) - cycle Shift-Dir - straight line, f/p - ogre
Aim: an ogre, wielding a +0 giant spiked club (moderately wounded, 75% to hit)
You throw a silver javelin.
The silver javelin pierces through the ogre but does no damage.
The ogre is heavily wounded.
The silver javelin pierces through the gnoll.
The gnoll is almost dead.
Throw: 2 throwing nets
Press: ? - help, Q - select action, (/) - cycle Shift-Dir - straight line, f/p - ogre
Aim: an ogre, wielding a +0 giant spiked club (heavily wounded, 75% to hit)
You throw a throwing net. The throwing net hits the ogre.
The ogre is caught in the net!
The ogre is heavily wounded.
The ogre struggles against the net.
The ogre struggles against the net.
The gnoll hits you with a +0 spear.
The ogre struggles against the net.
You barely miss the gnoll.
The gnoll is almost dead.
You feel yourself speed up. The gnoll hits you with a +0 spear.
The ogre struggles against the net.
The gnoll hits you with a +0 spear.
The ogre struggles against the net.
The net rips apart, and the ogre comes free!
Throw: throwing net
Press: ? - help, Q - select action, (/) - cycle Shift-Dir - straight line, f/p - ogre
Aim: an ogre, wielding a +0 giant spiked club (heavily wounded, 75% to hit)
You throw a throwing net.
The throwing net barely misses the ogre.
The gnoll hits you with a +0 spear.
* * * LOW HITPOINT WARNING * * *
Your skin crawls.
You feel strong-willed.
The ogre hits you with a +0 giant spiked club!
* * * LOW HITPOINT WARNING * * *
The gnoll completely misses you.
The gnoll shouts!
You hit the gnoll.
You kill the gnoll!
Trog accepts your kill.
The ogre hits you with a +0 giant spiked club!!
You die...

.'....#'###≈≈. #....#.#.≈≈≈.
#....#.#.≈≈≈. ##'###.#.≈≈≈.
#..g.).#.≈≈≈. #.....g#.≈≈≈.
########################)#.≈≈≈.
......#....#...........#(#.≈≈≈.
......'....'..@O..).((g).#.≈≈≈.
g.....#g...#...).......#'###≈≈P
#########''''#############...#≈≈.
...........).............#...#≈≈.
≈≈≈≈≈≈≈≈≈....≈≈≈≈≈≈≈≈≈≈≈≈#####≈≈.
≈≈≈≈≈≈≈≈≈....≈≈≈≈≈≈≈≈≈≈≈≈≈≈≈≈≈≈≈.
≈≈≈≈≈≈≈≈≈...)≈≈≈≈≈≈≈≈≈≈≈≈≈≈≈≈≈≈≈.
.............)....)...........P..
.#####.###.######........#....###


You could see an ogre and a gnoll.

Vanquished Creatures
  Crazy Yiuf (D:2)
  3 orc priests (D:3)
  Natasha (thrice) (D:2)
  Ijyb (D:3)
  2 orc wizards (D:3)
  Robin (D:2)
  14 gnolls (D:3)
  2 adders (D:3)
  3 worms (D:2)
  20 orcs (D:3)
  5 bats
  4 endoplasms
  3 giant cockroaches (D:1)
  7 goblins
  7 hobgoblins
  14 jackals (D:3)
  A quokka (D:1)
  4 ball pythons
  A frilled lizard (D:1)
  4 kobolds
  4 rats
104 creatures vanquished.

Vanquished Creatures (others)
  2 fungi (D:2)
2 creatures vanquished.

Grand Total: 106 creatures vanquished

Notes
Turn   | Place    | Note
-------+----------+-------------------------------------------
     0 | D:1      | Armakuni the Deep Elf Berserker began the quest for the
                  | Orb.
     0 | D:1      | Reached XP level 1. HP: 13/13 MP: 3/3
   239 | D:1      | Reached XP level 2. HP: 16/18 MP: 4/4
   274 | D:1      | Found a faded altar of an unknown god.
  1153 | D:2      | Found a runed translucent door.
  1154 | D:2      | Noticed Crazy Yiuf
  1270 | D:2      | Noticed Natasha
  1278 | D:2      | Killed Natasha
  1279 | D:2      | Reached XP level 3. HP: 23/23 MP: 5/5
  1289 | D:2      | Noticed Natasha
  1305 | D:2      | Killed Natasha
  1306 | D:2      | Reached XP level 4. HP: 27/28 MP: 6/6
  1349 | D:2      | Noticed Natasha
  1360 | D:2      | Killed Natasha
  1613 | D:2      | Reached ** piety under Trog
  1641 | D:2      | Noticed Robin
  1661 | D:2      | Killed Robin
  1952 | D:2      | Killed Crazy Yiuf
  1953 | D:2      | Reached XP level 5. HP: 33/33 MP: 7/7
  2217 | D:3      | Reached XP level 6. HP: 21/39 MP: 8/8
  2942 | D:3      | Noticed Ijyb
  2972 | D:3      | Killed Ijyb
  2973 | D:3      | Reached skill level 5 in Long Blades
  3179 | D:3      | Identified a scroll of acquirement
  3179 | D:3      | Acquired the +0 helmet of Dyspraxia {rF+ rCorr}
  4412 | D:3      | Reached skill level 5 in Fighting
  4412 | D:3      | Reached XP level 7. HP: 34/44 MP: 9/9
  4474 | D:3      | Demolished by an ogre

Illustrated notes

Levels and vault maps discovered:
D:1:      dpeg_arrival_boxes_within_box, layout_rooms,
          hellmonk_ecumenical_altar_defaced_shrine, serial_bayou_lagoon_a,
          st_stairs_5, serial_bayou_pond_e, lemuel_old_faithful
D:2:      layout_basic, uniq_natasha, uniq_crazy_yiuf_cottage, uniq_robin
D:3:      lemuel_castle_with_subvaults [lemuel_castle_interior_carwin_1],
          layout_loops_cross, uniq_ijyb

Skill      XL: |  1  2  3  4  5  6 |
---------------+-------------------+-----
Long Blades    | 3 4 5 |  5.5
Fighting       | 3 4 5 |  5.0
Armour         | |  1.5
Dodging        | |  2.4

Action                   |  1- 3 |  4- 6 |  7- 9 || total
-------------------------+-------+-------+-------++-------
Melee: Falchion          |    70 |   253 |    14 ||   337
       Punch             |       |     5 |       ||     5
       Unarmed           |       |     2 |       ||     2
Throw: Javelin           |       |     7 |     5 ||    12
       Throwing net      |       |       |     2 ||     2
Invok: Berserk           |     1 |    11 |     1 ||    13
       Trog's Hand       |       |       |     2 ||     2
Evoke: Wand              |       |       |     2 ||     2
  Use: Potion            |     3 |       |     2 ||     5
       Scroll            |     2 |     1 |     2 ||     5
Armor: Animal skin       |    10 |     9 |       ||    19
       Leather armour    |       |    45 |       ||    45
       Ring mail         |       |     1 |    10 ||    11
Dodge: Dodged            |    52 |   152 |    25 ||   229

Table legend: (Time is in decaauts)
 A = Elapsed time spent in this place.
 B = Non-inter-level travel time spent in this place.
 C = Inter-level travel time spent in this place.
 D = Time resting spent in this place.
 E = Time spent auto-exploring this place.
 F = Levels seen in this place.
 G = Mean time per level.
                   A        B        C        D        E       F      G
               +--------+--------+--------+--------+--------+-----+--------+
         Total |   4630 |   4553 |     77 |   1594 |   1787 |   3 | 1543.3 |
       Dungeon |   4630 |   4553 |     77 |   1594 |   1787 |   3 | 1543.3 |
               +--------+--------+--------+--------+--------+-----+--------+

Top non-repeatable levels by time:
     D:3: 2372 daAuts
     D:2: 1313 daAuts
     D:1: 945 daAuts
